 Dungeon Crawl Stone Soup version 0.31-a0-1612-g4aaf141004 (console) character file.

Game seed: 7680306621227353046

44688 jejorda2 the Cleaver (level 14, -1/113 HPs)
             Began as a Gnoll Berserker on Jan 9, 2024.
             Was an Elder of Trog.
             Succumbed to a redback's poison
             ... on level 4 of the Lair of Beasts.
             The game lasted 00:40:55 (20227 turns).

jejorda2 the Cleaver (Gnoll Berserker)             Turns: 20227, Time: 00:40:55

Health: -1/113     AC: 25    Str: 29    XL:     14   Next: 29%
Magic:  27/27      EV: 11    Int:  7    God:    Trog [****..]
Gold:   593        SH:  5    Dex: 12    Spells: 31/31 levels left

rFire   + . .        a - +1 battleaxe
rCold   . . .        (shield currently unavailable)
rNeg    + + .        G - +1 plate armour {rF+}
rPois   +            E - +4 hat of Qazlal's Whim {rPois Str+2}
rElec   .            o - +2 cloak
rCorr   .            D - +1 pair of gloves
SInv    +            (no boots)
Will    ++...        s - amulet "Pingo" {Reflect ^Contam rN+ Will+ SH+5 SInv} Stlth
                     F - ring of positive energy
HPRegen 0.38/turn    A - +6 ring of strength
MPRegen 0.20/turn

%: reflection
@: lethally poisoned (-1 -> -5), marked, on berserk cooldown, slowed, very slow
A: fangs 1, strong nose, distributed training
a: Renounce Religion, Berserk, Trog's Hand, Brothers in Arms


You were on level 4 of the Lair of Beasts.
You worshipped Trog.
Trog was greatly pleased with you.
You visited 2 branches of the dungeon, and saw 16 of its levels.
You also visited: Volcano.

You collected 1161 gold pieces.
You spent 568 gold pieces at shops.

Inventory:

Hand Weapons
 a - a +1 battleaxe (weapon)
 b - a +0 war axe of flaming
Missiles
 d - a throwing net
 j - 19 poisoned darts (quivered)
 x - 6 boomerangs
 z - 3 curare-tipped darts
Armour
 o - a +2 cloak (worn)
 D - a +1 pair of gloves (worn)
 E - the +4 hat of Qazlal's Whim (worn) {rPois Str+2}
   (You found it on level 11 of the Dungeon)

   Str+2:     It affects your strength (+2).
   rPois:     It protects you from poison
 G - a +1 plate armour of fire resistance (worn)
Jewellery
 s - the amulet "Pingo" (around neck) {Reflect ^Contam rN+ Will+ SH+5 SInv}
   (You bought it in a shop on level 2 of the Dungeon)

   [amulet of reflection]

   Reflect:   It reflects blocked missile attacks.
   rN+:       It protects you from negative energy.
   Will+:     It increases your willpower.
   SInv:      It lets you see invisible.
   ^Contam:   It causes magical contamination when unequipped.
   SH+5:      It affects your SH (+5).
 A - a +6 ring of strength (right hand)
 F - a ring of positive energy (left hand)
Wands
 y - a wand of flame (21)
 C - a wand of paralysis (1)
Scrolls
 c - 3 scrolls of identify
 g - a scroll of enchant weapon
 h - a scroll of blinking
 l - a scroll of fog
 q - a scroll of poison
 r - a scroll of revelation
 t - 8 scrolls of teleportation
 v - a scroll of immolation
 w - 2 scrolls of fear
Potions
 e - a potion of lignification
 f - 2 potions of attraction
 i - 2 potions of mutation
 k - 6 potions of curing
 m - 2 potions of invisibility
 n - 4 potions of haste
 p - 2 potions of heal wounds
 u - 2 potions of cancellation
 B - 2 potions of might
 H - a potion of enlightenment


   Skills:
 + Level 11.4 Fighting
 + Level 9.4 Short Blades
 + Level 9.4 Long Blades
 + Level 11.4 Axes
 + Level 9.4 Maces & Flails
 + Level 9.4 Polearms
 + Level 9.4 Staves
 + Level 9.4 Ranged Weapons
 + Level 9.4 Throwing
 + Level 10.5 Armour
 + Level 10.5 Dodging
 + Level 9.4 Stealth
 + Level 9.4 Shields
 + Level 9.4 Unarmed Combat
 + Level 9.4 Spellcasting
 + Level 7.9 Conjurations
 + Level 7.9 Hexes
 + Level 7.9 Summonings
 + Level 7.9 Necromancy
 + Level 7.9 Translocations
 + Level 7.9 Fire Magic
 + Level 7.9 Ice Magic
 + Level 7.9 Air Magic
 + Level 7.9 Earth Magic
 + Level 7.9 Alchemy
 + Level 10.3 Invocations
 + Level 9.4 Evocations
 + Level 8.6 Shapeshifting


You had 31 spell levels left.
You didn't know any spells.
Your spell library was empty.

Dungeon Overview and Level Annotations

Branches:
Dungeon (11/15)            Temple (0/1) D:6            Lair (5/5) D:11
  Swamp (0/4) Lair:2        Snake (0/4) Lair:3          Orc (0/2) D:10
Volcano (visited)
  Slime: Lair:4-5

Altars:
Ashenzari
Cheibriados
Gozag
Makhleb
Qazlal
Sif Muna
Trog
Vehumet
Yredelemnul
Zin

Shops:
D:2 *   D:4 **   D:10 *?

Annotations:
D:10 exclusion: door
Lair:5 Kirke


Innate Abilities, Weirdness & Mutations

You have very sharp teeth.
Your uncanny sense of smell can sniff out nearby items.
Your experience applies equally to all skills.


Message History

The blink frog blinks! x3; The wyvern closely misses you.
The cane toad stings the fungus!
The fungus is poisoned.
The cane toad poisons the fungus!
The water moccasin misses you.
You feel very sick.
A nearby fungus withers and dies.
The blink frog hits you!
* * * LOW HITPOINT WARNING * * *
The blink frog hits the fungus!
The blink frog blinks!
The wyvern bites something but does no damage.
The blink frog blinks! x2; The water moccasin closely misses you.
The blink frog blinks! x2; The wyvern barely misses you.
The hog bites something!
The boulder beetle curls into a ball and begins rolling!
The wyvern completely misses you.
The blink frog blinks!
You feel very sick.
Something bites the bush but does no damage.
The blink frog blinks!
You block the wyvern's attack.
Something bites the bush.
The water moccasin bites you but does no damage.
Something bites the bush!
The bush is poisoned.
Something poisons the bush!
The wyvern misses you.
The blink frog blinks! x2
The wyvern barely misses you.
The water moccasin bites you but does no damage. x2
There is a stone staircase leading up here.
Unknown command.
Unknown command.
Unknown command.
Unknown command.
You feel sick.
A nearby fungus withers and dies.
The wyvern bites you!
* * * LOW HITPOINT WARNING * * *
The blink frog blinks!
You block the black mamba's attack. The water moccasin bites you.
* * * LOW HITPOINT WARNING * * *
The water moccasin bites you but does no damage.
Something bites the bush but does no damage.
The blink frog blinks!
Something bites the bush but does no damage.
The black mamba bites you but does no damage.
The water moccasin barely misses you. The water moccasin misses you.
Something bites the bush but does no damage.
You climb upwards.
You die...

##...........##
#....
#.P...........##
#....
#P..#..........#
##.P.
##..###......###
###. #.#.#
#..#....# ##
##..###########
#. ##....#.# #.
##......#### ##.
##.......@k.##
#.#
#...[...S.S..#
##.
#...........##
###.
##..........#
##...
#..........#
#...#
#..........#
#...#
###........#
##.## ##.##...##
### ######..#


You could see 2 water moccasins and a wyvern.

Vanquished Creatures
  A two-headed ogre (D:9)
  A boulder beetle (D:11)
  11 death yaks
  A hell hog (Volcano)
  Nergalle (D:10)
  4 lindwurms
  2 manticores
  2 cyclopes
  4 elephants (Lair:4)
  9 black mambas
  5 cane toads
  A torpor snail (Lair:5)
  A gargoyle (D:11)
  Maggie (D:10)
  3 rime drakes
  4 komodo dragons
  2 trolls (D:11)
  2 polar bears
  Grinder (D:6)
  Prince Ribbit (D:6)
  13 blink frogs
  3 hornets
  A vampire (D:11)
  A jumping spider (D:11)
  3 wraiths
  4 wyverns
  2 shadows
  A hog (Lair:5)
  5 fire bats (Volcano)
  38 yaks
  2 basilisks
  2 redbacks
  3 steam dragons
  7 vampire mosquitoes (Lair:2)
  23 water moccasins
  2 hell hounds (Volcano)
  2 acid dragons
  6 orc warriors
  2 black bears (D:6)
  4 sky beasts
  2 ice beasts (D:7)
  6 ogres
  3 centaurs
  A phantom (D:4)
  17 wolves
  Blork the orc (D:6)
  4 bullfrogs
  5 kobold brigands
  4 scorpions
  8 wights
  5 killer bees (D:10)
  6 howler monkeys
  An electric eel (D:9)
  3 lava snakes (D:11)
  3 bombardier beetles
  3 hounds
  4 jellies
  11 orc priests
  Jessica (D:3)
  2 gnoll boudas
  5 iguanas
  A sleepcap (D:5)
  Natasha (thrice) (D:3)
  12 orc wizards
  11 adders
  18 gnolls
  A shadow imp (D:7)
  3 white imps
  4 ufetubi
  2 dart slugs
  2 ribbon worms
  39 orcs
  10 endoplasms
  5 giant cockroaches
  3 hobgoblins
  4 jackals (D:3)
  8 quokkas
  7 ball pythons
  7 bats
  5 frilled lizards
  6 goblins
  17 kobolds
  10 rats
454 creatures vanquished.

Vanquished Creatures (collateral kills)
  A death yak (Lair:2)
  A gnoll sergeant (D:7)
  An orc (D:7)
3 creatures vanquished.

Vanquished Creatures (others)
  A fire bat (Volcano)
1 creature vanquished.

Grand Total: 458 creatures vanquished

Notes
Turn   | Place    | Note
-------+----------+-------------------------------------------
     0 | D:1      | jejorda2 the Gnoll Berserker began the quest for the Orb.
     0 | D:1      | Reached XP level 1. HP: 23/23 MP: 1/1
    39 | D:1      | Reached XP level 2. HP: 22/29 MP: 2/2
   476 | D:1      | Reached ** piety under Trog
   572 | D:1      | Reached XP level 3. HP: 30/35 MP: 3/3
   741 | D:2      | Reached skill level 1 in Invocations
  1011 | D:2      | Reached skill level 1 in Short Blades
  1011 | D:2      | Reached skill level 1 in Long Blades
  1011 | D:2      | Reached skill level 1 in Maces & Flails
  1011 | D:2      | Reached skill level 1 in Polearms
  1011 | D:2      | Reached skill level 1 in Staves
  1011 | D:2      | Reached skill level 1 in Ranged Weapons
  1011 | D:2      | Reached skill level 1 in Throwing
  1011 | D:2      | Reached skill level 1 in Stealth
  1011 | D:2      | Reached skill level 1 in Shields
  1011 | D:2      | Reached skill level 1 in Unarmed Combat
  1011 | D:2      | Reached skill level 1 in Spellcasting
  1011 | D:2      | Reached skill level 1 in Evocations
  1123 | D:2      | Reached skill level 1 in Shapeshifting
  1123 | D:2      | Reached XP level 4. HP: 41/41 MP: 5/5
  1482 | D:2      | Found Ufula's Assorted Antiques.
  1486 | D:2      | Bought 2 bubbling cyan potions for 32 gold pieces
  1486 | D:2      | Bought a coppery potion for 16 gold pieces
  1634 | D:3      | Reached skill level 1 in Conjurations
  1634 | D:3      | Reached skill level 1 in Hexes
  1634 | D:3      | Reached skill level 1 in Summonings
  1634 | D:3      | Reached skill level 1 in Necromancy
  1634 | D:3      | Reached skill level 1 in Translocations
  1634 | D:3      | Reached skill level 1 in Fire Magic
  1634 | D:3      | Reached skill level 1 in Ice Magic
  1634 | D:3      | Reached skill level 1 in Air Magic
  1634 | D:3      | Reached skill level 1 in Earth Magic
  1634 | D:3      | Reached skill level 1 in Alchemy
  1723 | D:3      | Noticed Natasha
  1742 | D:3      | Killed Natasha
  1793 | D:3      | Noticed Natasha
  1801 | D:3      | Killed Natasha
  1802 | D:3      | Reached XP level 5. HP: 47/47 MP: 5/7
  2032 | D:3      | Noticed Jessica
  2042 | D:3      | Killed Jessica
  2346 | D:3      | Noticed Natasha
  2355 | D:3      | Killed Natasha
  2355 | D:3      | Reached *** piety under Trog
  2569 | D:3      | Found a faded altar of an unknown god.
  2681 | D:4      | Reached XP level 6. HP: 45/53 MP: 8/8
  2778 | D:4      | Found an opulent altar of Gozag.
  2892 | D:2      | Bought a flickering ivory amulet for 90 gold pieces
  2892 | D:2      | Identified the amulet "Pingo" {Reflect ^Contam rN+ Will+
                  | SH+5 SInv} (You bought it in a shop on level 2 of the
                  | Dungeon)
  2939 | D:4      | Found Omuedghag's General Store.
  2953 | D:4      | Reached skill level 5 in Armour
  2953 | D:4      | Reached skill level 5 in Dodging
  3030 | D:4      | Found a bloodstained altar of Trog.
  3164 | D:4      | Found Gozag's Platinum Reserve.
  3204 | D:4      | Reached XP level 7. HP: 60/60 MP: 10/10
  3549 | D:2      | Bought a scroll labelled BIV MO ZYITYUC for 18 gold pieces
  3549 | D:2      | Bought a scroll labelled ITILOIHIWO for 18 gold pieces
  3592 | D:5      | Entered Level 5 of the Dungeon
  3773 | D:5      | Found a radiant altar of Vehumet.
  4125 | D:5      | Reached XP level 8. HP: 67/67 MP: 12/12
  4191 | D:5      | Reached **** piety under Trog
  4945 | D:6      | Found a staircase to the Ecumenical Temple.
  4952 | D:6      | Noticed Blork the orc
  4962 | D:6      | Killed Blork the orc
  5130 | D:6      | Reached XP level 9. HP: 69/73 MP: 14/14
  5284 | D:6      | Noticed Prince Ribbit
  5303 | D:6      | Killed Prince Ribbit
  5552 | D:6      | Noticed Grinder
  5576 | D:6      | Killed Grinder
  5762 | D:6      | Noticed a cyclops
  5763 | D:6      | Noticed a hornet
  5801 | D:6      | Killed a cyclops
  5802 | D:6      | Reached skill level 5 in Invocations
  6021 | D:6      | Killed a hornet
  6293 | D:2      | Bought a diamond ring for 90 gold pieces
  6344 | D:4      | Bought a potion of might for 40 gold pieces
  6573 | D:7      | Found a basalt altar of Yredelemnul.
  6586 | D:7      | Reached skill level 5 in Short Blades
  6586 | D:7      | Reached skill level 5 in Long Blades
  6586 | D:7      | Reached skill level 5 in Maces & Flails
  6586 | D:7      | Reached skill level 5 in Polearms
  6586 | D:7      | Reached skill level 5 in Staves
  6586 | D:7      | Reached skill level 5 in Ranged Weapons
  6586 | D:7      | Reached skill level 5 in Throwing
  6586 | D:7      | Reached skill level 5 in Stealth
  6586 | D:7      | Reached skill level 5 in Shields
  6586 | D:7      | Reached skill level 5 in Unarmed Combat
  6586 | D:7      | Reached skill level 5 in Spellcasting
  6586 | D:7      | Reached skill level 5 in Evocations
  6586 | D:7      | Reached XP level 10. HP: 81/81 MP: 17/17
  6653 | D:7      | Found a broken altar of Ashenzari.
  6655 | D:7      | Noticed a manticore
  6665 | D:7      | Killed a manticore
  6803 | D:7      | Found a stormy altar of Qazlal.
  7138 | D:7      | Found a burning altar of Makhleb.
  7156 | D:7      | Reached skill level 5 in Shapeshifting
  7692 | D:8      | Found a snail-covered altar of Cheibriados.
  9203 | D:9      | Identified the +1 long sword of Gravity {flame, rPois Str+5
                  | Int-3 SInv}
  9234 | D:9      | Noticed a two-headed ogre
  9244 | D:9      | Killed a two-headed ogre
  9245 | D:9      | Reached skill level 5 in Conjurations
  9245 | D:9      | Reached skill level 5 in Hexes
  9245 | D:9      | Reached skill level 5 in Summonings
  9245 | D:9      | Reached skill level 5 in Necromancy
  9245 | D:9      | Reached skill level 5 in Translocations
  9245 | D:9      | Reached skill level 5 in Fire Magic
  9245 | D:9      | Reached skill level 5 in Ice Magic
  9245 | D:9      | Reached skill level 5 in Air Magic
  9245 | D:9      | Reached skill level 5 in Earth Magic
  9245 | D:9      | Reached skill level 5 in Alchemy
  9245 | D:9      | Reached XP level 11. HP: 85/89 MP: 18/20
  9801 | D:10     | Entered Level 10 of the Dungeon
  9801 | D:10     | Found Vyenug's Magic Scroll Shop.
  9804 | D:10     | Bought a scroll of revelation for 82 gold pieces
  9804 | D:10     | Bought a scroll of immolation for 44 gold pieces
 10044 | D:10     | Found Jaummeit's General Store.
 10201 | D:10     | Noticed a cyclops
 10215 | D:10     | Killed a cyclops
 10243 | D:10     | Found a staircase to the Orcish Mines.
 10297 | D:10     | Noticed Nergalle
 10341 | D:10     | Killed Nergalle
 10836 | D:10     | Noticed Maggie
 10844 | D:10     | Killed Maggie
 10887 | D:10     | Found a shimmering blue altar of Sif Muna.
 11212 | D:10     | Found a glowing silver altar of Zin.
 11471 | D:10     | Bought a +1 pair of gloves for 138 gold pieces
 11519 | D:11     | Found a runed translucent door.
 11787 | D:11     | Found a runed translucent gate.
 11788 | D:11     | Noticed a boulder beetle
 11789 | D:11     | Found a runed translucent gate.
 11789 | D:11     | Identified the +4 hat of Qazlal's Whim {rPois Str+2}
 11803 | D:11     | Noticed a lindwurm
 11804 | D:11     | Found a runed translucent gate.
 11804 | D:11     | Found a runed translucent gate.
 11804 | D:11     | Found a runed translucent gate.
 11804 | D:11     | Found a runed translucent gate.
 11823 | D:11     | Killed a boulder beetle
 11824 | D:11     | Reached XP level 12. HP: 79/97 MP: 22/22
 12037 | D:11     | Reached ***** piety under Trog
 12522 | D:11     | Found a staircase to the Lair.
 12829 | D:11     | Identified the +2 dagger "Xeilowk" {protect, rElec Will+}
 12861 | D:11     | Reached skill level 10 in Fighting
 12861 | D:11     | Reached skill level 10 in Axes
 13344 | Lair:1   | Entered Level 1 of the Lair of Beasts
 13415 | Lair:1   | Found a dark tunnel.
 13421 | Volcano  | Entered a volcano
 13491 | Volcano  | Noticed a hell hog
 13498 | Volcano  | Killed a hell hog
 14514 | Lair:2   | Noticed a death yak
 14514 | Lair:2   | Noticed a death yak
 14515 | Lair:2   | Noticed a death yak
 14516 | Lair:2   | Noticed a death yak
 14516 | Lair:2   | Noticed a death yak
 14517 | Lair:2   | Noticed a death yak
 14522 | Lair:2   | Killed a death yak
 14525 | Lair:2   | Killed a death yak
 14525 | Lair:2   | Killed a death yak
 14530 | Lair:2   | Killed a death yak
 14531 | Lair:2   | Reached XP level 13. HP: 104/104 MP: 25/25
 15131 | Lair:2   | Received a gift from Trog
 15870 | Lair:2   | Found a staircase to the Swamp.
 17236 | Lair:3   | Found a staircase to the Snake Pit.
 17291 | Lair:3   | Reached skill level 10 in Armour
 17291 | Lair:3   | Reached skill level 10 in Dodging
 18799 | Lair:4   | Reached skill level 10 in Invocations
 18799 | Lair:4   | Reached XP level 14. HP: 29/113 MP: 27/27
 19752 | Lair:5   | Entered Level 5 of the Lair of Beasts
 20209 | Lair:5   | Noticed Kirke
 20226 | Lair:5   | HP: 1/113 [water moccasin (5)]
 20227 | Lair:4   | Succumbed to a redback's poison

Illustrated notes

Levels and vault maps discovered:
D:1:      minmay_arrival_doors, layout_basic, minivault_27
D:2:      layout_basic, serial_shops, nicolae_shop_back_alley_shop
D:3:      wad_river_or_something, layout_basic, ebering_ecumenical_altar_box,
          uniq_jessica, uniq_natasha
D:4:      layout_cave_pools, nicolae_gozag_zags_fifth_avenue, kennysheep_mini,
          serial_shops, nicolae_shop_competitors_out_of_business,
          reono_crystal_passage
D:5:      layout_loops_ring, nicolae_vehumet_radiance, serial_park_tiny_pond
D:6:      minmay_chambers_of_sixes, layout_basic, minmay_temple_entry_mist,
          nrook_campfire, uniq_blork_the_orc, uniq_prince_ribbit1, uniq_grinder
D:7:      layout_basic, mainiacjoe_overflow_brackets,
          mainiacjoe_overflow_catwalk, mainiacjoe_overflow_six_doors_small,
          lemuel_crystal_altar, minmay_fractal_squares_diagonal_5
D:8:      layout_loops_corners, slow_altar_1, minmay_misc_feat_pillars,
          kennysheep_cross_room, nicolae_houndstooth_variations
D:9:      layout_basic, hangedman_misty_isle
D:10:     layout_long_grid, kennysheep_mini_moat, led_sif_book, erik_orc_3,
          serial_shops, shop_fountains, nicolae_twisting_strands,
          nicolae_stop_n_shop_2, serial_library_hellmonk_open_cross,
          uniq_maggie, uniq_nergalle
D:11:     gammafunk_indiana_jones, layout_stronghold, erik_lair_orcish_takeover
Lair:1:   layout_loops_ring, nicolae_volcano_entry_s_turn, patterned_corridor
Lair:2:   layout_gridlike, minmay_swamp_entry_swarm
Lair:3:   layout_cave_pods, minmay_snake_entry_six_corridors, serial_rivers,
          chequers_serial_rivers_small_a, chequers_serial_rivers_large_a,
          chequers_serial_rivers_micro_d, chequers_serial_rivers_small_3,
          chequers_serial_rivers_micro_a
Lair:4:   layout_cave_pods
Lair:5:   hangedman_lair_tendril_chambers, layout_gridlike,
          nicolae_slime_entry_slimehenge, serial_forest,
          infiniplex_forest_clump_medium, infiniplex_forest_lined_3,
          infiniplex_forest_clump_long, infiniplex_forest_clump_curved,
          infiniplex_forest_straight_2, uniq_kirke

Skill      XL: |  1  2  3  4  5  6  7  8  9 10 11 12 13 |
---------------+----------------------------------------+-----
Invocations    | 1 2 3 4 5 6 7 8 10 | 10.3
Short Blades   | 1 2 3 5 6 7 8 9 |  9.4
Long Blades    | 1 2 3 5 6 7 8 9 |  9.4
Maces & Flails | 1 2 3 5 6 7 8 9 |  9.4
Polearms       | 1 2 3 5 6 7 8 9 |  9.4
Staves         | 1 2 3 5 6 7 8 9 |  9.4
Ranged Weapons | 1 2 3 5 6 7 8 9 |  9.4
Throwing       | 1 2 3 5 6 7 8 9 |  9.4
Stealth        | 1 2 3 5 6 7 8 9 |  9.4
Shields        | 1 2 3 5 6 7 8 9 |  9.4
Unarmed Combat | 1 2 3 5 6 7 8 9 |  9.4
Spellcasting   | 1 2 3 5 6 7 8 9 |  9.4
Evocations     | 1 2 3 5 6 7 8 9 |  9.4
Shapeshifting  | 1 2 3 4 5 6 7 8 |  8.6
Conjurations   | 1 2 3 4 5 6 7 |  7.9
Hexes          | 1 2 3 4 5 6 7 |  7.9
Summonings     | 1 2 3 4 5 6 7 |  7.9
Necromancy     | 1 2 3 4 5 6 7 |  7.9
Translocations | 1 2 3 4 5 6 7 |  7.9
Fire Magic     | 1 2 3 4 5 6 7 |  7.9
Ice Magic      | 1 2 3 4 5 6 7 |  7.9
Air Magic      | 1 2 3 4 5 6 7 |  7.9
Earth Magic    | 1 2 3 4 5 6 7 |  7.9
Alchemy        | 1 2 3 4 5 6 7 |  7.9
Armour         | 5 6 7 8 9 10 | 10.5
Dodging        | 5 6 7 8 9 10 | 10.5
Fighting       | 7 8 9 10 11 | 11.4
Axes           | 7 8 9 10 11 | 11.4

Action                     |  1- 3 |  4- 6 |  7- 9 | 10-12 | 13-15 || total
---------------------------+-------+-------+-------+-------+-------++-------
  Melee: Hand axe          |   106 |    73 |    57 |       |       ||   236
         Bite              |     4 |     6 |    35 |   107 |    84 ||   236
         Punch             |     1 |     3 |     1 |       |       ||     5
         Quarterstaff      |       |    83 |   157 |       |       ||   240
         Battleaxe         |       |       |    91 |   757 |   600 ||  1448
  Throw: Dart              |       |     3 |    11 |    16 |    45 ||    75
 Invoke: Berserk           |       |     4 |     7 |    11 |     5 ||    27
         Trog's Hand       |       |     2 |     2 |     7 |     5 ||    16
         Brothers in Arms  |       |       |       |     2 |       ||     2
  Evoke: Wand              |       |       |       |     2 |       ||     2
    Use: Scroll            |       |       |    12 |    10 |     2 ||    24
 Armour: Animal skin       |    39 |       |       |       |       ||    39
         Chain mail        |    11 |   148 |   230 |   176 |       ||   565
         Plate armour      |       |       |       |   548 |   614 ||  1162
  Dodge: Dodged            |    65 |    96 |   129 |   412 |   353 ||  1055
  Block: Other             |       |    11 |    65 |   184 |   149 ||   409
         Reflection        |       |       |     1 |     7 |     1 ||     9

Table legend: (Time is in decaauts)
 A = Elapsed time spent in this place.
 B = Non-inter-level travel time spent in this place.
 C = Inter-level travel time spent in this place.
 D = Time resting spent in this place.
 E = Time spent auto-exploring this place.
 F = Levels seen in this place.
 G = Mean time per level.
                   A        B        C        D        E       F      G
               +--------+--------+--------+--------+--------+-----+--------+
         Total |  20816 |  19614 |   1202 |   1345 |  14123 |  17 | 1224.5 |
       Dungeon |  13746 |  12844 |    902 |   1133 |   9013 |  11 | 1249.6 |
          Lair |   6831 |   6532 |    299 |    212 |   5068 |   5 | 1366.2 |
       Volcano |    237 |    237 |      0 |      0 |     41 |   1 |  237.0 |
               +--------+--------+--------+--------+--------+-----+--------+

Top non-repeatable levels by time:
  Lair:4: 2014 daAuts
  Lair:2: 1977 daAuts
    D:11: 1937 daAuts
     D:6: 1910 daAuts
  Lair:3: 1743 daAuts
    D:10: 1707 daAuts
     D:2: 1278 daAuts
     D:7: 1261 daAuts
     D:8: 1222 daAuts
     D:3: 1041 daAuts
     D:9: 975 daAuts
     D:5: 962 daAuts
  Lair:1: 900 daAuts
     D:4: 797 daAuts
     D:1: 651 daAuts
